cohdb
Replays
Latest Replays
All Replays
Popular Replays
Top Player Replays
Match Explorer
How It Works
Community
CoH3 Stats
Reddit
Sign in to upload your games and track your stats! →
Sign in with Steam
Match 45722720
Unlisted
Match 45722720
Overview
Messages
Build Orders
End
Construct Section Command Post
Selects Canadian Shock Battlegroup
Infantry Section
Infantry Section
Vickers Machine Gun Team
Dingo Light Scout Car
Infantry Section
Grenade Package
Construct Platoon Command Post
6-pounder Anti-tank Gun Team
Selects Incendiary Munitions
Selects Pyrotechnics
Construct Field Infirmary
Infantry Section
Humber Armored Car
Construct Company Command Post
Selects Attacking Spirit
Selects Canadian Shock Section
Humber Armored Car
Infantry Training
Foot Guards Section
Crusader II Medium Tank
Crusader II Medium Tank
Selects Churchill Crocodile Heavy Tank
Churchill Crocodile Heavy Tank
Royal Engineer Section
Royal Engineer Section
CMP 15cwt Truck
Forward Retreat Point
warny0415
Robin Da Hood
0
0
Comments
sign in to comment!
No comments posted yet!